 Dungeon Crawl Stone Soup version 0.21.1-1-g345015f (webtiles) character file.

721 dv1997 the Covered (level 7, -8/61 HPs)
             Began as a Minotaur Fighter on July 1, 2018.
             Was an Initiate of the Shining One.
             Splashed by Ijyb's acid (11 damage)
             ... on level 5 of the Dungeon.
             The game lasted 00:29:24 (3996 turns).

dv1997 the Covered (Minotaur Fighter)               Turns: 3996, Time: 00:29:26

Health: -8/61      AC:  7    Str: 23    XL:     7   Next: 43%
Magic:  6/6        EV:  8    Int:  5    God:    the Shining One [......]
Gold:   245        SH: 11    Dex:  9    Spells: 6/6 levels left

rFire    . . .     SeeInvis .   h - +2 mace (protect)
rCold    . . .     Gourm    .   c - +1 shield
rNeg     . . .     Faith    .   b - +0 scale mail
rPois    .         Spirit   .   (helmet restricted)
rElec    .         Reflect  .   g - +0 cloak
rCorr    .         Harm     .   (no gloves)
MR       .....                  (no boots)
Stlth    ..........             (no amulet)
HPRegen  0.20/turn              (no ring)
MPRegen  0.10/turn              (no ring)

@: corroded, protection aura, glowing
A: retaliatory headbutt, horns 2
a: Renounce Religion


You were on level 5 of the Dungeon.
You worshipped the Shining One.
The Shining One was noncommittal.
You were not hungry.

You visited 2 branches of the dungeon, and saw 6 of its levels.

You collected 245 gold pieces.

Inventory:

Hand Weapons
 a - a +1 long sword
 h - a +2 mace of protection (weapon)
 s - a +0 falchion
 v - a cursed -1 long sword
Missiles
 k - 60 arrows
Armour
 b - a +0 scale mail (worn)
 c - a +1 shield (worn)
 g - a +0 cloak (worn)
Magical Staves
 u - an uncursed staff of summoning {unknown}
Jewellery
 m - an uncursed amulet of rage
 o - an uncursed amulet of harm {unknown}
 t - a cursed ring of loudness {unknown}
 w - a cursed -2 ring of evasion {unknown}
 x - an uncursed amulet of the gourmand {unknown}
Scrolls
 e - a scroll of enchant weapon
 i - 2 scrolls of amnesia
 y - a scroll of teleportation
Potions
 d - a potion of might
 j - a potion of degeneration {unknown}
 l - a potion of lignification
 n - a potion of agility {unknown}
 p - 2 potions of curing {unknown}
 q - a potion of resistance {unknown}
 r - a potion of heal wounds {unknown}
 z - a potion of flight {unknown}
Comestibles
 f - 4 rations


   Skills:
 + Level 5.1 Fighting
 - Level 4.7 Long Blades
 * Level 4.3 Maces & Flails
 + Level 5.9 Armour
 + Level 1.6 Dodging
 + Level 0.3 Stealth
 + Level 5.4 Shields


You had 6 spell levels left.
You didn't know any spells.

Dungeon Overview and Level Annotations

Branches:
Dungeon (5/15)             Temple (1/1) D:4

Altars:
Cheibriados
Dithmenos
Elyvilon
Gozag
Hepliaklqana
Makhleb
Nemelex Xobeh
Okawaru
Ru
Trog
Vehumet
Xom
Yredelemnul
The Shining One

Shops:
D:4 =

Annotations:
D:5 Ijyb


Innate Abilities, Weirdness & Mutations

You reflexively headbutt those who attack you in melee.
You have a pair of horns on your head.


Message History

Ijyb is almost dead.
You block Ijyb's attack.
The crimson imp laughs crazily.
The crimson imp barely misses you.
You hit Ijyb but do no damage.
Ijyb is almost dead.
Ijyb hits you but does no damage. You block the crimson imp's attack.
You barely miss Ijyb.
Ijyb is almost dead.
Ijyb hits you but does no damage.
The crimson imp hits you but does no damage.
Ijyb completely misses you.
You hit Ijyb.
Ijyb is almost dead.
The crimson imp hits you.
* * * LOW HITPOINT WARNING * * *
Ijyb zaps a wand.
The bolt of acid hits you!
* * * LOW HITPOINT WARNING * * *
You are splashed with acid!
The acid burns!
You die...

######## #......# .
#######......#####....
#..................5..
###.###......5####....
#.# #####.#>@g......
#.##### #.#.####....
#.....# #.#.# .
#####.# #.#.# #.#
#.#.#..........# #.#
#.#.#..........# #.#
#.#.#..........#
#†###.#.#..........#
#...#.#.#..........#


You could see Ijyb (invisible) and a crimson imp.

Vanquished Creatures
  2 sky beasts
  An ogre (D:4)
  A bullfrog (D:4)
  A hound (D:4)
  Jessica (D:3)
  2 worker ants (D:4)
  2 iguanas (D:4)
  An orc wizard (D:4)
  5 adders
  4 gnolls
  3 oozes (D:4)
  5 worms
  2 dart slugs
  2 leopard geckos
  12 orcs
  2 ball pythons (D:2)
  4 giant cockroaches
  10 goblins
  6 hobgoblins
  8 jackals
  4 quokkas
  7 bats
  4 frilled lizards
  9 kobolds
  4 rats
102 creatures vanquished.

Notes
Turn   | Place    | Note
-------+----------+-------------------------------------------
     0 | D:1      | dv1997 the Minotaur Fighter began the quest for the Orb.
     0 | D:1      | Reached XP level 1. HP: 19/19 MP: 0/0
   262 | D:1      | Reached XP level 2. HP: 27/27 MP: 1/1
  1051 | D:2      | Reached XP level 3. HP: 29/33 MP: 2/2
  1061 | D:2      | Found a shadowy altar of Dithmenos.
  1214 | D:2      | Found a hazy altar of Hepliaklqana.
  1226 | D:2      | Reached XP level 4. HP: 28/40 MP: 3/3
  1872 | D:3      | Found a glowing golden altar of the Shining One.
  1890 | D:3      | Became a worshipper of the Shining One
  1984 | D:3      | Reached skill level 5 in Armour
  2089 | D:2      | Reached XP level 5. HP: 42/46 MP: 4/4
  2278 | D:3      | Noticed Jessica
  2282 | D:3      | Killed Jessica
  2301 | D:3      | Found a radiant altar of Vehumet.
  2652 | D:4      | Found an opulent altar of Gozag.
  2792 | D:4      | Reached XP level 6. HP: 49/53 MP: 5/5
  2869 | D:4      | Found Isunuoc's Jewellery Emporium.
  2976 | D:4      | Reached skill level 1 in Maces & Flails
  2976 | D:4      | Reached skill level 1 in Dodging
  2976 | D:4      | Reached skill level 5 in Shields
  3348 | D:4      | Found a staircase to the Ecumenical Temple.
  3354 | Temple   | Entered the Ecumenical Temple
  3562 | D:5      | Entered Level 5 of the Dungeon
  3655 | D:4      | Reached skill level 5 in Fighting
  3655 | D:4      | Reached XP level 7. HP: 23/61 MP: 6/6
  3979 | D:5      | Noticed Ijyb
  3996 | D:5      | HP: 3/61 [Ijyb/wand of acid (5) (5)]
  3996 | D:5      | Splashed by Ijyb's acid

Skill      XL: |  1  2  3  4  5  6  7 |
---------------+----------------------+-----
Armour         | 4 5 |  5.9
Long Blades    | 3 4 |  4.7
Shields        | 4 5 |  5.4
Fighting       | 4 5 |  5.1
Maces & Flails | 3 4 |  4.3
Dodging        | 1 |  1.6
Stealth        | |  0.3

Action                   |  1- 3 |  4- 6 |  7- 9 || total
-------------------------+-------+-------+-------++-------
Melee: Long sword        |    87 |   105 |       ||   192
       Headbutt          |    10 |    20 |     7 ||    37
       Mace              |       |    31 |    31 ||    62
  Use: Scroll            |     2 |     8 |       ||    10
       Potion            |       |     2 |       ||     2
  Eat: Ration            |     1 |     2 |       ||     3
Armor: Scale mail        |    35 |    59 |    16 ||   110
Dodge: Dodged            |    26 |    38 |    10 ||    74
Block: Shield            |    43 |    92 |    15 ||   150
       Rpst.: Long sword |     5 |     4 |       ||     9
